 Dungeon Crawl Stone Soup version 0.20-a0-1122-gb7cbeb9 (webtiles) character file.

112 rageheart7 the Ruffian (level 4, -1/38 HPs)
             Began as a Naga Transmuter on May 13, 2017.
             Slain by a gnoll
             ... wielding a +0 spear
              (4 damage)
             ... on level 2 of the Dungeon.
             The game lasted 00:06:06 (1974 turns).

rageheart7 the Ruffian (Naga Transmuter)            Turns: 1974, Time: 00:06:07

Health: -1/38      AC:  3    Str: 14    XL:     4   Next: 93%
Magic:  6/7        EV: 10    Int: 13    God:
Gold:   89         SH:  0    Dex: 11    Spells: 3/7 levels left

rFire    . . .     SeeInvis +     - Unarmed
rCold    . . .     Gourm    .   (no shield)
rNeg     . . .     Faith    .   b - +0 robe
rPois    +         Spirit   .   (no helmet)
rElec    .         Reflect  .   e - +0 cloak
rCorr    .         Harm     .   (no gloves)
MR       .....                  (no barding)
Stlth    +.........             i - amulet of magic regeneration
Regen    0.2/turn               (no ring)
MPRegen  0.2/turn               (no ring)

@: appendage, very slow
A: horns 2, see invisible, deformed body, poison resistance, slowness 2, slow
metabolism 1, spit poison 1, AC +1
a: Spit Poison, End Transformation


You were on level 2 of the Dungeon.
You were not hungry.
You had grown temporary horns.
You visited 1 branch of the dungeon, and saw 3 of its levels.

You collected 89 gold pieces.

Inventory:

Missiles
 a - 62 arrows
Armour
 b - a +0 robe (worn)
 e - a +0 cloak (worn)
Jewellery
 i - an amulet of magic regeneration (around neck)
Scrolls
 j - a scroll of remove curse
Books
 c - a book of Changes

   Spells                             Type                      Level
   a - Beastly Appendage              Transmutation                1
   b - Sticks to Snakes               Transmutation                2
   c - Spider Form                    Transmutation/Poison         3
   d - Ice Form                       Ice/Transmutation            4
   e - Blade Hands                    Transmutation                5
Comestibles
 d - 2 bread rations
 g - a meat ration
 k - 2 royal jellies


   Skills:
 + Level 1.5 Fighting
 - Level 1.5 Dodging
 * Level 5.3 Unarmed Combat
 - Level 2.0 Spellcasting
 - Level 2.0 Transmutations


You had 3 spell levels left.
You knew the following spells:

 Your Spells              Type           Power        Failure   Level  Hunger
a - Beastly Appendage     Tmut           #.....       11%         1    ##.....
b - Spider Form           Tmut/Pois      #.........   45%         3    ####...


Dungeon Overview and Level Annotations

Branches:
Dungeon (3/15)

Altars:


Innate Abilities, Weirdness & Mutations

You cannot wear boots.
Your serpentine skin is tough. (AC +1)
You have supernaturally acute eyesight. (SInv)
Armour fits poorly on your strangely shaped body.
Your system is resistant to poisons. (rPois)
You cover ground very slowly.
You have a slow metabolism.
You can spit poison.
You have a pair of horns on your head.


Message History

The gnoll hits you.
* * * LOW HITPOINT WARNING * * *
You are too injured to fight recklessly!
You are too injured to fight recklessly!
Okay, then.
It was a potion of curing.
You feel better.
The gnoll hits you from afar with a spear.
* * * LOW HITPOINT WARNING * * *
The gnoll hits you.
* * * LOW HITPOINT WARNING * * *
You barely miss the gnoll. You headbutt the gnoll!
The gnoll is severely wounded.
The gnoll hits you from afar with a spear.
* * * LOW HITPOINT WARNING * * *
The gnoll misses you.
You barely miss the gnoll.
The gnoll is severely wounded.
You have got your breath back.
The gnoll hits you from afar with a spear.
You die...

#.###.#
#..........##########
#...#.# #####....g.#
....#.#
#......#######
....#.########
#............#
.##.#.#......#
##.#.#.......#
..#.#.#......#
###g#.........#
.#..#.#......#
#...###.......#
##.##.#......#####g#
#########
#....#.<....##.@g.#
######......##.####
#......##.#
#######.........#
.............####
.................
.............####
.......#######
.......#


You could see 2 gnolls.

Vanquished Creatures
  4 adders
  An ooze (D:3)
  3 worms (D:2)
  5 dart slugs (D:1)
  An orc (D:3)
  2 ball pythons (D:1)
  5 giant cockroaches
  2 goblins (D:1)
  7 hobgoblins
  4 jackals (D:1)
  3 bats
  2 frilled lizards
  7 kobolds
  7 rats
53 creatures vanquished.

Notes
Turn   | Place    | Note
-------+----------+-------------------------------------------
     0 | D:1      | rageheart7 the Naga Transmuter began the quest for the Orb.
     0 | D:1      | Reached XP level 1. HP: 18/18 MP: 3/3
   105 | D:1      | Reached XP level 2. HP: 11/25 MP: 3/5
   519 | D:1      | Reached skill level 4 in Unarmed Combat
   541 | D:1      | Reached XP level 3. HP: 23/31 MP: 6/6
   939 | D:1      | Learned a level 3 spell: Spider Form
  1357 | D:2      | Reached XP level 4. HP: 30/38 MP: 5/7
  1627 | D:2      | Reached skill level 5 in Unarmed Combat
  1974 | D:2      | Slain by a gnoll

Vault maps used:
D:1:      dpeg_arrival_rooms_c
D:2:      chequers_temple_overflow_statue_of_worship
D:3:      tgw_xom

Skill      XL: |  1  2  3  4 |
---------------+-------------+-----
Unarmed Combat | 4 5 |  5.3
Fighting       | |  1.5
Dodging        | |  1.5
Spellcasting   | |  2.0
Transmutations | |  2.0

Action                   |  1- 3 |  4- 6 || total
-------------------------+-------+-------++-------
Melee: Unarmed           |   108 |    52 ||   160
       Headbutt          |     3 |     2 ||     5
       Punch             |     2 |     2 ||     4
 Cast: Beastly Appendage |     7 |     5 ||    12
 Abil: Spit Poison       |     9 |    12 ||    21
  Use: Potion            |     2 |     2 ||     4
       Scroll            |       |     6 ||     6
 Stab: Sleeping          |     2 |       ||     2
  Eat: Chunk             |     1 |     3 ||     4
Armor: Robe              |    27 |     9 ||    36
       Skin              |       |     1 ||     1
Dodge: Dodged            |    89 |    27 ||   116
